 Dungeon Crawl Stone Soup version 0.29-a0-43-g62a80824bf (webtiles) character file.

Game seed: 7493361857330931286

114 testman the Insei (level 4, -1/30 HPs)
             Began as an Octopode Transmuter on Feb 2, 2022.
             Slain by an orc wizard (4 damage)
             ... on level 3 of the Dungeon.
             The game lasted 00:07:09 (1915 turns).

testman the Insei (Octopode Transmuter)             Turns: 1915, Time: 00:07:10

Health: -1/30      AC:  1    Str: 11    XL:     4   Next: 98%
Magic:  7/7        EV: 13    Int: 15    God:
Gold:   80         SH:  0    Dex: 12    Spells: 4/7 levels left

rFire   . . .      SeeInvis .     - Unarmed
rCold   . . .      Faith    .   (no shield)
rNeg    . . .      Spirit   .   (helmet restricted)
rPois   .          Reflect  .   f - amulet of magic regeneration
rElec   .          Harm     .   (no ring)
rCorr   .          Rampage  .   (no ring)
Will    .....                   (no ring)
Stlth   ++........              (no ring)
HPRegen 0.10/turn               (no ring)
MPRegen 0.50/turn               (no ring)
                                (no ring)
                                (no ring)

@: no status effects
A: almost no armour, amphibious, 8 rings, camouflage 1, gelatinous body 1,
(nimble swimmer 1), tentacles
a: no special abilities


You were on level 3 of the Dungeon.
You visited 1 branch of the dungeon, and saw 3 of its levels.

You collected 80 gold pieces.

Inventory:

Missiles
 b - 31 stones
Jewellery
 f - an amulet of magic regeneration (around mantle)
Scrolls
 c - a scroll of noise {unknown}
 g - 3 scrolls of identify {unknown}
 h - 2 scrolls of vulnerability {unknown}
 i - a scroll of fog {unknown}
 k - a scroll of teleportation {unknown}
Potions
 a - 2 potions of brilliance {unknown}
 d - 2 potions of degeneration {unknown}
 e - a potion of flight {unknown}
 j - a potion of cancellation {unknown}


   Skills:
 + Level 2.7 Fighting
 - Level 2.0 Dodging
 + Level 4.1 Unarmed Combat
 - Level 2.0 Spellcasting
 + Level 3.0 Transmutations


You had 4 spell levels left.
You knew the following spells:

 Your Spells              Type           Power      Damage    Failure   Level
a - Beastly Appendage     Tmut           20%        N/A       6%          1
b - Wereblood             Tmut           10%        N/A       10%         2

Your spell library contained the following spells:

 Spells                   Type           Power      Damage    Failure   Level
 Spider Form              Tmut/Pois      6%         N/A       34%         3
 Ignite Poison            Fire/Tmut/Pois 4%         N/A       41%         3
 Conjure Flame            Conj/Fire      1%         6-21      54%         3
 Ice Form                 Ice/Tmut       6%         N/A       75%         4
 Sticky Flame             Conj/Fire      1%         2d3       91%         4


Dungeon Overview and Level Annotations

Branches:
Dungeon (3/15)

Altars:
Elyvilon


Innate Abilities, Weirdness & Mutations

You cannot wear most types of armour.
You are amphibious.
You can wear up to eight rings at the same time.
Your skin changes colour to match your surroundings (Stealth+).
Your rubbery body absorbs attacks. (AC +1, EV +1)
((You are camouflaged when in or above water. (Stealth+)))
You have tentacles for arms and can constrict up to eight enemies at once.


Message History

Your Transmutations skill increases to level 3!
You tentacle-slap the kobold.
You kill the kobold!
You tentacle-slap the orc. Your grab misses the orc.
Your tentacle spike misses the orc.
The orc is moderately wounded.
The orc hits you with a +0 vampiric short sword.
You tentacle-slap the orc but do no damage.
Your grab misses the orc.
You pierce the orc.
You squeeze the orc.
The orc is almost dead.
The orc closely misses you.
Unknown command.
You tentacle-slap the orc.
You kill the orc!
No target in view!
Your transformation is almost over.
There is a stone staircase leading up, spattered with blood here.
Items here: ( ))) [[ †††.
You closely miss something.
You pierce something.
You closely miss something.
Your tentacle spike misses something.
Your squeeze misses something. Something hits you.
You closely miss something. Your squeeze misses something. Something hits you.
You closely miss something.
Your tentacle spike misses something.
Your squeeze misses something. Something hits you but does no damage.
You closely miss something. Something hits you.
You miss something.
Your tentacle spike misses something.
Something hits you.
You miss something. Your squeeze misses something. Something hits you.
You tentacle-slap something.
You pierce something.
Something hits you.
* * * LOW HITPOINT WARNING * * *
You barely miss something. Something completely misses you.
You tentacle-slap something but do no damage.
Your squeeze misses something. Something hits you.
* * * LOW HITPOINT WARNING * * *
You miss something.
Your tentacle spike misses something.
Your squeeze misses something.
Your tentacle spike disappears.
Something hits you.
* * * LOW HITPOINT WARNING * * *
You miss something. Your squeeze misses something. Something hits you.
You die...

.. #.# #. #.#
#.. #.# #..
#.#
#...#.#######
#...#........
#..{.......
#@######
#......#
######.... #


There were no monsters in sight!

Vanquished Creatures
  An orc wizard (D:3)
  5 adders (D:2)
  A worm (D:2)
  A dart slug (D:1)
  An orc (D:3)
  3 ball pythons
  3 endoplasms
  A giant cockroach (D:1)
  5 goblins (D:1)
  3 hobgoblins
  3 jackals (D:2)
  5 kobolds
  3 bats (D:2)
  A frilled lizard (D:1)
  2 rats (D:2)
38 creatures vanquished.

Notes
Turn   | Place    | Note
-------+----------+-------------------------------------------
     0 | D:1      | testman the Octopode Transmuter began the quest for the
                  | Orb.
     0 | D:1      | Reached XP level 1. HP: 13/13 MP: 3/3
    73 | D:1      | Reached XP level 2. HP: 17/18 MP: 3/5
    76 | D:1      | Learned a level 2 spell: Wereblood
   930 | D:2      | Reached XP level 3. HP: 24/24 MP: 4/6
  1080 | D:2      | Identified the +4 hand axe of Plog {flame, rC+}
  1090 | D:2      | Found a white marble altar of Elyvilon.
  1247 | D:2      | Found a faded altar of an unknown god.
  1296 | D:2      | Reached XP level 4. HP: 29/30 MP: 7/7
  1899 | D:3      | Reached skill level 4 in Unarmed Combat
  1915 | D:3      | Slain by an orc wizard

Illustrated notes

Levels and vault maps discovered:
D:1:      dpeg_arrival_windows_large_door, layout_loops_ring,
          corexii_leaking_fountain
D:2:      layout_loops_cross, basic_altar, chequers_ecumenical_altar_grove
D:3:      layout_basic, gammafunk_ghost_abyssal_escape

Skill      XL: |  1  2  3  4 |
---------------+-------------+-----
Fighting       | 2 |  2.7
Unarmed Combat | 4 |  4.1
Transmutations | 3 |  3.0
Dodging        | |  2.0
Spellcasting   | |  2.0

Action                   |  1- 3 |  4- 6 || total
-------------------------+-------+-------++-------
Melee: Unarmed           |    54 |    38 ||    92
       Constrict         |    15 |     4 ||    19
       Kick              |    17 |     5 ||    22
       Tentacles         |    10 |     3 ||    13
       Punch             |     2 |       ||     2
 Cast: Beastly Appendage |    15 |     9 ||    24
 Stab: Sleeping          |     5 |     1 ||     6
Armor: Skin              |     4 |     2 ||     6
Dodge: Dodged            |    27 |    13 ||    40

Table legend: (Time is in decaauts)
 A = Elapsed time spent in this place.
 B = Non-inter-level travel time spent in this place.
 C = Inter-level travel time spent in this place.
 D = Time resting spent in this place.
 E = Time spent auto-exploring this place.
 F = Levels seen in this place.
 G = Mean time per level.
                   A        B        C        D        E       F      G
               +--------+--------+--------+--------+--------+-----+--------+
         Total |   1908 |   1845 |     63 |    107 |   1462 |   3 |  636.0 |
       Dungeon |   1908 |   1845 |     63 |    107 |   1462 |   3 |  636.0 |
               +--------+--------+--------+--------+--------+-----+--------+

Top non-repeatable levels by time:
     D:2: 1026 daAuts
     D:1: 861 daAuts
     D:3: 20 daAuts
